 Dungeon Crawl Stone Soup version 0.30.0-19-g36f170ea60 (webtiles) character file.

Game seed: 13574534736046361468

45 jempyr the Digger (level 3, -1/19 HPs)
             Began as a Gargoyle Earth Elementalist on May 27, 2023.
             Slain by Crazy Yiuf
             ... wielding a +2 quarterstaff of chaos
              (7 damage)
             ... on level 2 of the Dungeon.
             The game lasted 00:06:36 (1215 turns).

jempyr the Digger (Gargoyle Earth Elementalist)     Turns: 1215, Time: 00:06:36

Health: -1/19      AC:  6    Str: 11    XL:     3   Next: 64%
Magic:  5/6        EV: 11    Int: 17    God:
Gold:   117        SH:  0    Dex: 10    Spells: 3/6 levels left

rFire   . . .        f - +1 dagger (speed)
rCold   . . .        (no shield)
rNeg    + . .        a - +0 robe
rPois   ∞            i - +0 helmet
rElec   +            (no cloak)
rCorr   .            (no gloves)
SInv    .            (no boots)
Will    .....        (no amulet)
Stlth   ++           (no ring)
HPRegen 0.23/turn    (no ring)
MPRegen 0.10/turn

%: no passive effects
@: about to teleport, attractive
A: sickness immunity, AC +3, negative energy resistance 1, electricity
resistance, torment resistance 1, petrification resistance
a: no special abilities


You were on level 2 of the Dungeon.
You visited 1 branch of the dungeon, and saw 2 of its levels.

You collected 117 gold pieces.

Inventory:

Hand Weapons
 f - a +1 dagger of speed (weapon)
 l - a +4 dagger of venom
Missiles
 k - 3 boomerangs of dispersal
Armour
 a - a +0 robe (worn)
 i - a +0 helmet (worn)
 j - a +0 leather armour
Scrolls
 e - a scroll of teleportation
 g - a scroll of identify {unknown}
 h - a scroll of poison {unknown}
Potions
 b - a potion of magic
 c - a potion of curing
 m - a potion of flight {unknown}


   Skills:
 - Level 1.5 Dodging
 + Level 2.3 Stealth
 + Level 2.4 Spellcasting
 - Level 0.7 Transmutations
 * Level 5.0 Earth Magic


You had 3 spell levels left.
You knew the following spells:

 Your Spells              Type           Power      Damage    Failure   Level
a - Sandblast             Erth           38%        2d10      2%          1
b - Passwall              Tmut/Erth      9%         N/A       9%          2

Your spell library contained the following spells:

 Spells                   Type           Power      Damage    Failure   Level
 Stone Arrow              Conj/Erth      20%        3d8       21%         3
 Ensorcelled Hibernation  Hex/Ice        4%         N/A       28%         2
 Swiftness                Air            2%         N/A       50%         3
 Petrify                  Tmut/Erth      11%        N/A       50%         4


Dungeon Overview and Level Annotations

Branches:
Dungeon (2/15)

Altars:

Annotations:
D:2 Crazy Yiuf


Innate Abilities, Weirdness & Mutations

You are immune to sickness and miasma.
Your stone body is resilient. (AC +3)
You are immune to poison.
You resist negative energy. (rN+)
You are resistant to electric shocks. (rElec)
You are resistant to unholy torment.
You are immune to petrification.


Message History

Here: Crazy Yiuf, wielding a +2 quarterstaff of chaos and wearing a +0 cloak (asleep, fire blocked by a runed translucent door)
The floor.
Unknown command.
Crazy Yiuf shouts!
Crazy Yiuf says, "Rot!
Cholesterol hog toodlewoodle."
You see here a +0 hammer.
Found a hammer.
You see here a +0 hammer.
You open the door.
Casting: Sandblast (safe; 2% risk of failure)
Confirm with . or Enter, or press ? or * to list all spells.
Aiming: Sandblast (safe; 2% risk of failure)
Press: ? - help, Shift-Dir - straight line, f - Crazy Yiuf
Aim: Crazy Yiuf, wielding a +2 quarterstaff of chaos and wearing a +0 cloak (84% to hit)
The blast of sand hits Crazy Yiuf.
Crazy Yiuf is moderately wounded.
Crazy Yiuf cries, "Dawk!"
Crazy Yiuf hits you with a +2 quarterstaff of chaos!
Crazy Yiuf burns you.
Okay, then.
You hit Crazy Yiuf but do no damage.
Crazy Yiuf is moderately wounded.
Crazy Yiuf barely misses you.
You barely miss Crazy Yiuf.
Crazy Yiuf is moderately wounded.
Crazy Yiuf cries, "You leg down broken song, no?"
Crazy Yiuf hits you with a +2 quarterstaff of chaos.
* * * LOW HITPOINT WARNING * * *
Crazy Yiuf freezes you.
* * * LOW HITPOINT WARNING * * *
As you read the scroll labelled FASKIEB VALI, it crumbles to dust.
You feel strangely unstable.
It was a scroll of teleportation.
Crazy Yiuf closely misses you.
It was a potion of curing.
You feel better.
Crazy Yiuf hits you with a +2 quarterstaff of chaos.
Crazy Yiuf freezes you.
It was a potion of attraction.
You feel attractive to monsters.
Crazy Yiuf hits you with a +2 quarterstaff of chaos!
You die...

#.........#
##.........#
.#.........#
.#......## .#......#
........##♣♣♣♣♣
.#.......#.)♣.♣♣♣ ###
#######....P)♣.)♣#..)#
#....♣P♣♣♣♣@g)..#
#...#P♣♣ ♣♣#.))#
#..##♣♣ ### ##.# .##
#. ..


You could see Crazy Yiuf.

Vanquished Creatures
  Robin (D:2)
  2 dart slugs (D:1)
  2 endoplasms (D:1)
  A giant cockroach (D:1)
  16 goblins
  A bat (D:1)
  A frilled lizard (D:1)
  3 rats
27 creatures vanquished.

Notes
Turn   | Place    | Note
-------+----------+-------------------------------------------
     0 | D:1      | jempyr the Gargoyle Earth Elementalist began the quest for
                  | the Orb.
     0 | D:1      | Reached XP level 1. HP: 10/10 MP: 3/3
   202 | D:1      | Reached skill level 4 in Earth Magic
   285 | D:1      | Reached XP level 2. HP: 15/15 MP: 3/5
  1058 | D:2      | Learned a level 2 spell: Passwall
  1079 | D:2      | Noticed Robin
  1095 | D:2      | Killed Robin
  1096 | D:2      | Reached XP level 3. HP: 15/19 MP: 1/6
  1163 | D:2      | Reached skill level 5 in Earth Magic
  1205 | D:2      | Found a runed translucent door.
  1206 | D:2      | Noticed Crazy Yiuf
  1215 | D:2      | Slain by Crazy Yiuf

Illustrated notes

Levels and vault maps discovered:
D:1:      dpeg_arrival_oval, layout_basic
D:2:      layout_basic, basic_altar, uniq_robin, uniq_crazy_yiuf_cottage,
          uniq_natasha

Skill      XL: |  1  2  3 |
---------------+----------+-----
Earth Magic    | 4 5 |  5.0
Dodging        | |  1.5
Stealth        | |  2.3
Spellcasting   | |  2.4
Transmutations | |  0.7

Action                     || total
---------------------------++-------
  Melee: Dagger            ||    40
   Cast: Sandblast         ||    25
    Use: Potion            ||     2
         Scroll            ||     1
 Armour: Robe              ||    12
  Dodge: Dodged            ||    22
